[Event "GambitGuide"]
[Site "Internet Chess Club"]
[Date "2014.10.31"]
[Round "1"]
[White "JSBach"]
[Black "ClubberLang"]
[Result "1-0"]
[ICCResult "Black resigns"]
[WhiteElo "1605"]
[BlackElo "1684"]
[Opening "Vienna: `Frankenstein-Dracula' variation"]
[ECO "C27"]
[NIC "VG.02"]
[Time "04:57:10"]
[TimeControl "120+12"]

1. e4 e5 2. Nc3 Nf6 3. Bc4 Nxe4 4. Qh5 Nd6 5. Bb3 Nc6 6. Nb5 g6 7. Qf3 f5 8.
Qd5 Qe7 9. Nxc7+ Kd8 10. Nxa8 b6 11. Ba4 Bb7 12. Nxb6 axb6 13. Qb3 Nd4 14.
Qxb6+ Kc8 15. Kf1 Qg5 16. f3 e4 17. Qxd4 exf3 18. Qc5+ Kb8 19. Nxf3 Bxf3 20.
gxf3 Qh5 21. Ke2 Be7 22. Qb4+ Kc7 23. Qc3+ Kb7 24. Qxh8 {Black resigns} 1-0

[Event "GambitGuide"]
[Site "Internet Chess Club"]
[Date "2014.10.31"]
[Round "1"]
[White "JSBach"]
[Black "alexbozhenoff"]
[Result "1-0"]
[ICCResult "Black checkmated"]
[WhiteElo "1605"]
[BlackElo "1671"]
[Opening "Vienna: `Frankenstein-Dracula' variation"]
[ECO "C27"]
[NIC "VG.02"]
[Time "04:57:16"]
[TimeControl "120+12"]

1. e4 e5 2. Nc3 Nf6 3. Bc4 Nxe4 4. Qh5 Nd6 5. Bb3 Nc6 6. Nb5 g6 7. Qf3 f5 8.
Qd5 Qe7 9. Nxc7+ Kd8 10. Nxa8 b6 11. Ba4 Bg7 12. Bxc6 dxc6 13. Qb3 Bb7 14.
Nxb6 axb6 15. Qxb6+ Kc8 16. d3 e4 17. d4 Nb5 18. c3 Nxd4 19. cxd4 Qb4+ 20.
Qxb4 c5 21. dxc5 Rd8 22. Be3 h6 23. Qb6 Rd7 24. c6 Bxc6 25. Qxc6+ Rc7 26.
Qe8+ Kb7 27. Rc1 Rxc1+ 28. Bxc1 g5 29. Qe7+ Kc6 30. Qxg7 f4 31. Qxh6+ Kd5
32. Qxg5+ Kd4 33. Ne2+ Kd3 34. Qd5+ Kc2 35. Qxe4# {Black checkmated} 1-0

[Event "GambitGuide"]
[Site "Internet Chess Club"]
[Date "2014.10.31"]
[Round "1"]
[White "JSBach"]
[Black "ClubberLang"]
[Result "1-0"]
[ICCResult "Black resigns"]
[WhiteElo "1605"]
[BlackElo "1684"]
[Opening "Vienna: `Frankenstein-Dracula' variation"]
[ECO "C27"]
[NIC "VG.02"]
[Time "04:58:17"]
[TimeControl "120+12"]

1. e4 e5 2. Nc3 Nf6 3. Bc4 Nxe4 4. Qh5 Nd6 5. Bb3 Nc6 6. Nb5 g6 7. Qf3 f5 8.
Qd5 Qe7 9. Nxc7+ Kd8 10. Nxa8 b6 11. Ba4 Bb7 12. Nxb6 axb6 13. Qb3 Qg5 14.
Qxb6+ Kc8 15. g3 Nd4 16. Qc5+ Kb8 17. Qxe5 Bxh1 18. Qxh8 Qe7+ 19. Kf1 Kc7
20. Qxd4 {Black resigns} 1-0

[Event "GambitGuide"]
[Site "Internet Chess Club"]
[Date "2014.10.31"]
[Round "1"]
[White "JSBach"]
[Black "Stroggs"]
[Result "1-0"]
[ICCResult "Black resigns"]
[WhiteElo "1605"]
[BlackElo "1525"]
[Opening "Vienna: `Frankenstein-Dracula' variation"]
[ECO "C27"]
[NIC "VG.02"]
[Time "04:57:40"]
[TimeControl "120+12"]

1. e4 e5 2. Nc3 Nf6 3. Bc4 Nxe4 4. Qh5 Nd6 5. Bb3 Nc6 6. Nb5 g6 7. Qf3 f5 8.
Qd5 Qe7 9. Nxc7+ Kd8 10. Nxa8 b6 11. Ba4 Bb7 12. Nxb6 axb6 13. Qb3 Bg7 14.
Qxb6+ Kc8 15. d3 Qd8 16. Be3 Qxb6 17. Bxb6 Re8 18. Bc5 Nf7 19. Bb3 Nh6 20.
Bd5 Na5 21. Bxb7+ Nxb7 22. Bb6 Bf8 23. a3 Bc5 24. Bxc5 Nxc5 25. b4 Ne6 26.
a4 d5 27. a5 Nf7 28. a6 Kc7 29. h3 Kb6 30. c4 dxc4 31. dxc4 Nd4 32. Ra4 Ra8
33. b5 Nd6 34. Ne2 Nc2+ 35. Kd2 Nd4 36. Nxd4 exd4 37. Kd3 Nxb5 38. Rb1 Kc5
39. cxb5 Kb6 40. Rxd4 {Black resigns} 1-0

[Event "GambitGuide"]
[Site "Internet Chess Club"]
[Date "2014.10.31"]
[Round "1"]
[White "JSBach"]
[Black "ram75"]
[Result "1-0"]
[ICCResult "Black resigns"]
[WhiteElo "1605"]
[BlackElo "1235"]
[Opening "Vienna: `Frankenstein-Dracula' variation"]
[ECO "C27"]
[NIC "VG.02"]
[Time "04:59:11"]
[TimeControl "120+12"]

1. e4 e5 2. Nc3 Nf6 3. Bc4 Nxe4 4. Qh5 Nd6 5. Bb3 Nc6 6. Nb5 g6 7. Qf3 f5 8.
Qd5 Qe7 9. Nxc7+ Kd8 10. Nxa8 b6 11. Ba4 Bb7 12. Nxb6 axb6 13. Qb3 Kc7 14.
Ne2 Qh4 15. O-O Bg7 16. Re1 e4 17. d4 exd3 18. cxd3 Qg4 19. Be3 Bd4 20. Nxd4
Nxd4 21. Qc3+ Nc6 22. Qxh8 {Black resigns} 1-0

[Event "GambitGuide"]
[Site "Internet Chess Club"]
[Date "2014.10.31"]
[Round "1"]
[White "JSBach"]
[Black "chigato"]
[Result "1-0"]
[ICCResult "Black resigns"]
[WhiteElo "1605"]
[BlackElo "1678"]
[Opening "Vienna: `Frankenstein-Dracula' variation"]
[ECO "C27"]
[NIC "VG.02"]
[Time "05:00:34"]
[TimeControl "120+12"]

1. e4 e5 2. Nc3 Nf6 3. Bc4 Nxe4 4. Qh5 Nd6 5. Bb3 Nc6 6. Nb5 g6 7. Qf3 f5 8.
Qd5 Qe7 9. Nxc7+ Kd8 10. Nxa8 b6 11. Ba4 Nb4 12. Qb3 Nc6 13. Nxb6 axb6 14.
Qxb6+ Ke8 15. Bxc6 dxc6 16. Qxc6+ Bd7 17. Qc5 Kf7 18. Qd5+ Be6 19. Qxe5 Bg7
20. Qe3 Nc4 21. Qf4 Bd5+ 22. Ne2 Bxg2 23. Qxc4+ Kf8 24. Rg1 Be4 25. d3 Bf3
26. Be3 Bf6 27. Bc5 {Black resigns} 1-0

[Event "GambitGuide"]
[Site "Internet Chess Club"]
[Date "2014.10.31"]
[Round "1"]
[White "JSBach"]
[Black "ClubberLang"]
[Result "1-0"]
[ICCResult "Black resigns"]
[WhiteElo "1605"]
[BlackElo "1684"]
[Opening "Vienna: `Frankenstein-Dracula' variation"]
[ECO "C27"]
[NIC "VG.02"]
[Time "04:59:21"]
[TimeControl "120+12"]

1. e4 e5 2. Nc3 Nf6 3. Bc4 Nxe4 4. Qh5 Nd6 5. Bb3 Nc6 6. Nb5 g6 7. Qf3 f5 8.
Qd5 Qe7 9. Nxc7+ Kd8 10. Nxa8 b6 11. Ba4 Bb7 12. Nxb6 axb6 13. Qb3 Nd4 14.
Qxb6+ Kc8 15. Kf1 Nc4 16. Qa7 Qc5 17. Bxd7+ Kc7 18. Qxc5+ Bxc5 19. Ba4 Ba6
20. Ke1 e4 21. c3 Ne6 22. b4 Ba7 23. Ne2 Nd6 24. a3 Bxe2 25. Kxe2 Nf4+ 26.
Kf1 Nd3 27. f3 exf3 28. gxf3 g5 29. h4 Rg8 30. hxg5 Rxg5 31. Rxh7+ Kb6 32.
Bc2 Nxc1 33. Rh6 Kc7 34. Rh7+ Kb6 35. Rh6 Kc6 36. d4 Rg3 37. Kf2 {Black
resigns} 1-0

[Event "GambitGuide"]
[Site "Internet Chess Club"]
[Date "2014.10.31"]
[Round "1"]
[White "JSBach"]
[Black "ClubberLang"]
[Result "1-0"]
[ICCResult "Black resigns"]
[WhiteElo "1605"]
[BlackElo "1684"]
[Opening "Vienna: `Frankenstein-Dracula' variation"]
[ECO "C27"]
[NIC "VG.02"]
[Time "05:01:43"]
[TimeControl "120+12"]

1. e4 e5 2. Nc3 Nf6 3. Bc4 Nxe4 4. Qh5 Nd6 5. Bb3 Nc6 6. Nb5 g6 7. Qf3 f5 8.
Qd5 Qe7 9. Nxc7+ Kd8 10. Nxa8 b6 11. Ba4 Bb7 12. Nxb6 axb6 13. Qb3 e4 14.
Qxb6+ Kc8 15. Ne2 Bg7 16. Bb3 f4 17. d3 exd3 18. O-O dxe2 19. Bxf4 exf1=Q+
20. Rxf1 Be5 21. Re1 Re8 22. Bxe5 Nxe5 23. Re3 Qd8 24. Qxd6 Ng4 25. Rc3+ Bc6
26. Qd2 Qh4 27. h3 Ne5 28. Qd6 Qg5 29. Bd5 Kd8 30. f4 Qxf4 31. Kh1 Qf1+ 32.
Kh2 Bxd5 33. Qc7+ Ke7 34. Qxe5+ Kd8 35. Qxd5 Qf4+ 36. Rg3 Re1 37. Qa5+
{Black resigns}
1-0

[Event "GambitGuide"]
[Site "Internet Chess Club"]
[Date "2014.10.31"]
[Round "1"]
[White "JSBach"]
[Black "ClubberLang"]
[Result "1-0"]
[ICCResult "Black resigns"]
[WhiteElo "1605"]
[BlackElo "1684"]
[Opening "Vienna: `Frankenstein-Dracula' variation"]
[ECO "C27"]
[NIC "VG.02"]
[Time "05:04:44"]
[TimeControl "120+12"]

1. e4 e5 2. Nc3 Nf6 3. Bc4 Nxe4 4. Qh5 Nd6 5. Bb3 Nc6 6. Nb5 g6 7. Qf3 f5 8.
Qd5 Qe7 9. Nxc7+ Kd8 10. Nxa8 b6 11. Ba4 Bb7 12. Nxb6 axb6 13. Qb3 Kc7 14.
Ne2 Na5 15. Qh3 Qg5 16. O-O Ne4 17. d4 Ba6 18. Bxg5 {Black resigns} 1-0

[Event "GambitGuide"]
[Site "Internet Chess Club"]
[Date "2014.10.31"]
[Round "1"]
[White "JSBach"]
[Black "ClubberLang"]
[Result "1-0"]
[ICCResult "Black resigns"]
[WhiteElo "1605"]
[BlackElo "1684"]
[Opening "Vienna: `Frankenstein-Dracula' variation"]
[ECO "C27"]
[NIC "VG.02"]
[Time "05:06:03"]
[TimeControl "120+12"]

1. e4 e5 2. Nc3 Nf6 3. Bc4 Nxe4 4. Qh5 Nd6 5. Bb3 Nc6 6. Nb5 g6 7. Qf3 f5 8.
Qd5 Qe7 9. Nxc7+ Kd8 10. Nxa8 b6 11. Ba4 Bb7 12. Nxb6 axb6 13. Qb3 Kc7 14.
Ne2 Bg7 15. Qd3 e4 16. Qb3 Nd4 17. Qc3+ Nc6 18. Nf4 Bxc3 19. Nd5+ Kd8 20.
Nxe7 Bxd2+ 21. Bxd2 Kxe7 22. c3 Nc4 23. Bg5+ Ke6 24. O-O-O d5 25. Bc2 Kd6
26. h4 h6 27. Bf4+ Kc5 28. b3 Na3 29. Be3+ Kb5 30. Rxd5+ Ka6 31. Rd6 Rc8 32.
Rxg6 Nxc2 33. Kxc2 Nb4+ 34. Kd2 Nxa2 35. Ra1 {Black resigns} 1-0

[Event "GambitGuide"]
[Site "Internet Chess Club"]
[Date "2014.10.31"]
[Round "1"]
[White "JSBach"]
[Black "Bryn"]
[Result "1/2-1/2"]
[ICCResult "Game drawn by repetition"]
[WhiteElo "1605"]
[BlackElo "1595"]
[Opening "Vienna: `Frankenstein-Dracula' variation"]
[ECO "C27"]
[NIC "VG.02"]
[Time "05:07:51"]
[TimeControl "120+12"]

1. e4 e5 2. Nc3 Nf6 3. Bc4 Nxe4 4. Qh5 Nd6 5. Bb3 Nc6 6. Nb5 g6 7. Qf3 f5 8.
Qd5 Qe7 9. Nxc7+ Kd8 10. Nxa8 b6 11. Ba4 Bb7 12. Nxb6 axb6 13. Qb3 Kc7 14.
Ne2 Nd4 15. Nxd4 exd4+ 16. Kf1 Qe4 17. f3 Qh4 18. Qb4 Bh6 19. d3 Re8 20.
Bxh6 Qxh6 21. Qxd4 Qd2 22. Qf2 Qb4 23. Bb3 Nb5 24. c4 Nd6 25. Re1 Rxe1+ 26.
Qxe1 Qxe1+ 27. Kxe1 f4 28. Kf2 Nf5 29. Re1 Ne3 30. g3 g5 31. d4 d6 32. gxf4
gxf4 33. a3 Kd7 34. Ba4+ Ke6 35. d5+ Ke5 36. Bc6 Bc8 37. h4 Kd4 38. b3 Kc3
39. c5 bxc5 40. a4 Kxb3 41. a5 Ba6 42. Rg1 Bc4 43. Rb1+ Kc3 44. Rb7 Nxd5 45.
Rd7 Kb4 46. Bxd5 Bxd5 47. Rxd6 Ba8 48. a6 c4 49. Rf6 c3 50. Rxf4+ Kb3 51.
Rf7 c2 52. Rc7 Kb2 53. Rb7+ Kc1 54. Ke3 Kd1 55. Rd7+ Ke1 56. Rc7 Kd1 57.
Rd7+ Ke1 58. Rc7 Kd1 59. Rd7+ Ke1 60. Rc7 Kd1 61. Rd7+
{Game drawn by repetition}
1/2-1/2

[Event "GambitGuide"]
[Site "Internet Chess Club"]
[Date "2014.10.31"]
[Round "1"]
[White "JSBach"]
[Black "ShadowLike"]
[Result "1-0"]
[ICCResult "Black checkmated"]
[WhiteElo "1605"]
[BlackElo "2289"]
[Opening "Vienna: `Frankenstein-Dracula' variation"]
[ECO "C27"]
[NIC "VG.02"]
[Time "05:09:58"]
[TimeControl "120+12"]

1. e4 e5 2. Nc3 Nf6 3. Bc4 Nxe4 4. Qh5 Nd6 5. Bb3 Nc6 6. Nb5 g6 7. Qf3 f5 8.
Qd5 Qe7 9. Nxc7+ Kd8 10. Nxa8 b6 11. Ba4 Bb7 12. Nxb6 axb6 13. Qb3 Nc8 14.
Nf3 Na5 15. Qc3 Bg7 16. O-O e4 17. Nd4 f4 18. Re1 e3 19. fxe3 Qg5 20. e4 Rf8
21. Nc6+ Ke8 22. Qxg7 f3 23. Qe5+ Qxe5 24. Nxe5 fxg2 25. Bxd7+ Kd8 26. b4
Nc4 27. Bxc8 Nxe5 28. Bxb7 Nf3+ 29. Kxg2 Nxe1+ 30. Kg3 Nxc2 31. Rb1 Nd4 32.
e5 Ne2+ 33. Kg2 Nd4 34. Bb2 Nf5 35. d4 Kc7 36. Be4 Ne3+ 37. Kh3 g5 38. Bc1
Nc4 39. Bd5 Nd2 40. Bxd2 h5 41. Rc1+ Kb8 42. Bxg5 h4 43. e6 b5 44. Rc5 Ka7
45. Rxb5 Rf4 46. Ra5+ Kb6 47. Bd8# {Black checkmated} 1-0

[Event "GambitGuide"]
[Site "Internet Chess Club"]
[Date "2014.10.31"]
[Round "1"]
[White "JSBach"]
[Black "ShadowLike"]
[Result "0-1"]
[ICCResult "White checkmated"]
[WhiteElo "1605"]
[BlackElo "2289"]
[Opening "Vienna: `Frankenstein-Dracula' variation"]
[ECO "C27"]
[NIC "VG.02"]
[Time "05:11:40"]
[TimeControl "120+12"]

1. e4 e5 2. Nc3 Nf6 3. Bc4 Nxe4 4. Qh5 Nd6 5. Bb3 Nc6 6. Nb5 g6 7. Qf3 f5 8.
Qd5 Qe7 9. Nxc7+ Kd8 10. Nxa8 b6 11. Ba4 Nb4 12. Qb3 Ne4 13. d3 Nc5 14. Qc4
d5 15. Qb5 Bd7 16. Bg5 Qxg5 17. Nh3 Qxg2 18. Rg1 Qxg1+ 19. Nxg1 Bxb5 20. a3
Nxc2+ 21. Bxc2 Nxd3+ 22. Bxd3 Bxd3 23. Kd2 Ba6 24. Nf3 Bg7 25. Re1 e4 26.
Ng5 Kc8 27. Rc1+ Kb8 28. Nc7 Bc4 29. b3 Rc8 30. bxc4 Rxc7 31. cxd5 Rxc1 32.
Kxc1 Bh6 33. h4 Bxg5+ 34. hxg5 Kc7 35. Kd2 Kd6 36. Ke3 Kxd5 37. Ke2 f4 38.
a4 Ke5 39. Kf1 a6 40. Kg1 b5 41. axb5 axb5 42. Kf1 b4 43. Ke2 b3 44. Kd2 Kf5
45. Kc1 Kxg5 46. Kd1 Kg4 47. Kc1 Kf3 48. Kb2 Kxf2 49. Kxb3 e3 50. Kc4 e2 51.
Kd3 f3 52. Kd2 e1=Q+ 53. Kd3 Qe6 54. Kd2 Kg3 55. Kc3 f2 56. Kd3 f1=Q+ 57.
Kd2 Qff5 58. Kc3 Qfd5 59. Kc2 Qec6+ 60. Kb2 Qdb5+ 61. Ka3 Qca6#
{White checkmated}
0-1

[Event "GambitGuide"]
[Site "Internet Chess Club"]
[Date "2014.10.31"]
[Round "1"]
[White "JSBach"]
[Black "Bryn"]
[Result "0-1"]
[ICCResult "White checkmated"]
[WhiteElo "1605"]
[BlackElo "1595"]
[Opening "Vienna: `Frankenstein-Dracula' variation"]
[ECO "C27"]
[NIC "VG.02"]
[Time "05:11:46"]
[TimeControl "120+12"]

1. e4 e5 2. Nc3 Nf6 3. Bc4 Nxe4 4. Qh5 Nd6 5. Bb3 Nc6 6. Nb5 g6 7. Qf3 f5 8.
Qd5 Qe7 9. Nxc7+ Kd8 10. Nxa8 b6 11. Ba4 Bb7 12. Nxb6 axb6 13. Qb3 Nc8 14.
Ne2 Nd4 15. Nxd4 exd4+ 16. Kf1 Bg7 17. Qc4 Re8 18. Kg1 Qe1+ 19. Qf1 d3 20.
cxd3 Bd4 21. h4 Bxf2+ 22. Kh2 Qe5+ 23. Kh3 Qg3# {White checkmated} 0-1

[Event "GambitGuide"]
[Site "Internet Chess Club"]
[Date "2014.10.31"]
[Round "1"]
[White "JSBach"]
[Black "davidx"]
[Result "1-0"]
[ICCResult "Black resigns"]
[WhiteElo "1605"]
[BlackElo "1247"]
[Opening "Vienna: `Frankenstein-Dracula' variation"]
[ECO "C27"]
[NIC "VG.02"]
[Time "05:19:45"]
[TimeControl "120+12"]

1. e4 e5 2. Nc3 Nf6 3. Bc4 Nxe4 4. Qh5 Nd6 5. Bb3 Nc6 6. Nb5 g6 7. Qf3 f5 8.
Qd5 Qe7 9. Nxc7+ Kd8 10. Nxa8 b6 11. Ba4 Bb7 12. Nxb6 axb6 13. Qb3 Kc7 14.
Ne2 Bg7 15. Nc3 Nd4 16. Nd5+ {Black resigns} 1-0

[Event "GambitGuide"]
[Site "Internet Chess Club"]
[Date "2014.10.31"]
[Round "1"]
[White "JSBach"]
[Black "knutolsen"]
[Result "1-0"]
[ICCResult "Black resigns"]
[WhiteElo "1605"]
[BlackElo "1607"]
[Opening "Vienna: `Frankenstein-Dracula' variation"]
[ECO "C27"]
[NIC "VG.02"]
[Time "05:22:38"]
[TimeControl "120+12"]

1. e4 e5 2. Nc3 Nf6 3. Bc4 Nxe4 4. Qh5 Nd6 5. Bb3 Nc6 6. Nb5 g6 7. Qf3 f5 8.
Qd5 Qe7 9. Nxc7+ Kd8 10. Nxa8 b6 11. Ba4 Nd4 12. f4 Bb7 13. Qxe5 Bg7 14.
Qxe7+ Kxe7 15. Nxb6 axb6 16. Kf2 {Black resigns} 1-0

[Event "GambitGuide"]
[Site "Internet Chess Club"]
[Date "2014.10.31"]
[Round "1"]
[White "JSBach"]
[Black "alita"]
[Result "1-0"]
[ICCResult "Black resigns"]
[WhiteElo "1604"]
[BlackElo "1636"]
[Opening "Vienna: `Frankenstein-Dracula' variation"]
[ECO "C27"]
[NIC "VG.02"]
[Time "05:27:13"]
[TimeControl "120+12"]

1. e4 e5 2. Nc3 Nf6 3. Bc4 Nxe4 4. Qh5 Nd6 5. Bb3 Nc6 6. Nb5 g6 7. Qf3 f5 8.
Qd5 Qe7 9. Nxc7+ Kd8 10. Nxa8 b6 11. Ba4 Bb7 12. Nxb6 axb6 13. Qb3 Kc7 14.
Ne2 Ne4 15. Bb5 Qc5 16. O-O Qb4 17. c3 Qxb3 18. axb3 Bd6 19. f3 Nf6 20. Re1
Nd5 21. b4 Nf4 22. Ng3 h5 23. Bc4 h4 24. Nf1 g5 25. b5 Na5 26. Ba2 g4 27.
fxg4 fxg4 28. Ne3 Bc5 29. d4 exd4 30. b4 dxe3 31. bxc5 Nxg2 32. Bxe3 g3 33.
cxb6+ Kb8 34. Bd4 Nxe1 35. Rxe1 gxh2+ 36. Kxh2 Rg8 37. Bxg8 Nb3 38. Re8+ Bc8
39. Bxb3 {Black resigns} 1-0

[Event "GambitGuide"]
[Site "Internet Chess Club"]
[Date "2014.10.31"]
[Round "1"]
[White "JSBach"]
[Black "alita"]
[Result "1-0"]
[ICCResult "Black checkmated"]
[WhiteElo "1587"]
[BlackElo "1636"]
[Opening "Vienna: `Frankenstein-Dracula' variation"]
[ECO "C27"]
[NIC "VG.02"]
[Time "05:28:55"]
[TimeControl "120+12"]

1. e4 e5 2. Nc3 Nf6 3. Bc4 Nxe4 4. Qh5 Nd6 5. Bb3 Nc6 6. Nb5 g6 7. Qf3 f5 8.
Qd5 Qe7 9. Nxc7+ Kd8 10. Nxa8 b6 11. Ba4 Bb7 12. Nxb6 axb6 13. Qb3 Kc7 14.
Ne2 Ne4 15. c4 Qc5 16. O-O Nd4 17. Nxd4 exd4 18. d3 Nf6 19. Bg5 Ne8 20. Rae1
Bd6 21. g3 h6 22. Bxh6 Nf6 23. Bg7 Ng4 24. Bxh8 Nxh2 25. Kxh2 Bxg3+ 26. fxg3
f4 27. Be5+ Kd8 28. Bf6+ Kc7 29. Rxf4 Qh5+ 30. Rh4 Qf3 31. Be5+ Kd8 32.
Qxb6+ Ke7 33. Qd6+ Kf7 34. Qxd7+ Kg8 35. Rh8# {Black checkmated} 1-0

[Event "GambitGuide"]
[Site "Internet Chess Club"]
[Date "2014.10.31"]
[Round "1"]
[White "JSBach"]
[Black "fetchboris"]
[Result "1-0"]
[ICCResult "Black resigns"]
[WhiteElo "1597"]
[BlackElo "1400"]
[Opening "Vienna: `Frankenstein-Dracula' variation"]
[ECO "C27"]
[NIC "VG.02"]
[Time "05:30:04"]
[TimeControl "120+12"]

1. e4 e5 2. Nc3 Nf6 3. Bc4 Nxe4 4. Qh5 Nd6 5. Bb3 Nc6 6. Nb5 g6 7. Qf3 f5 8.
Qd5 Qe7 9. Nxc7+ Kd8 10. Nxa8 b6 11. Ba4 b5 12. Bxb5 Nxb5 13. Qxb5 Nd4 14.
Qa5+ Ke8 15. Nc7+ Kf7 16. Qc3 f4 17. Qc4+ Kf6 18. Nd5+ Kf5 19. Nxe7+ Bxe7
20. Ne2 Bb7 21. Nxd4+ exd4 22. Qf7+ Ke5 23. Qxe7+ Kd5 24. Qxd7+ {Black
resigns} 1-0

[Event "GambitGuide"]
[Site "Internet Chess Club"]
[Date "2014.10.31"]
[Round "1"]
[White "JSBach"]
[Black "knutolsen"]
[Result "0-1"]
[ICCResult "White checkmated"]
[WhiteElo "1597"]
[BlackElo "1607"]
[Opening "Vienna: `Frankenstein-Dracula' variation"]
[ECO "C27"]
[NIC "VG.02"]
[Time "05:28:35"]
[TimeControl "120+12"]

1. e4 e5 2. Nc3 Nf6 3. Bc4 Nxe4 4. Qh5 Nd6 5. Bb3 Nc6 6. Nb5 g6 7. Qf3 f5 8.
Qd5 Qe7 9. Nxc7+ Kd8 10. Nxa8 b6 11. Ba4 Nd4 12. f4 Bg7 13. fxe5 Bxe5 14. g4
Bg3+ 15. Kf1 Qe1+ 16. Kg2 Qf2+ 17. Kh3 fxg4+ 18. Kxg4 h5+ 19. Kh3 N6f5 20.
Bb5 Bb8 21. a4 d6 22. Bd7 Bxd7 23. Nxb6 axb6 24. Qb5 Nxb5 25. axb5 Nh6#
{White checkmated}
0-1

[Event "GambitGuide"]
[Site "Internet Chess Club"]
[Date "2014.10.31"]
[Round "1"]
[White "JSBach"]
[Black "Jaksibaksi"]
[Result "1/2-1/2"]
[ICCResult "Game drawn by repetition"]
[WhiteElo "1613"]
[BlackElo "1692"]
[Opening "Vienna: `Frankenstein-Dracula' variation"]
[ECO "C27"]
[NIC "VG.02"]
[Time "05:29:47"]
[TimeControl "120+12"]

1. e4 e5 2. Nc3 Nf6 3. Bc4 Nxe4 4. Qh5 Nd6 5. Bb3 Nc6 6. Nb5 g6 7. Qf3 f5 8.
Qd5 Qe7 9. Nxc7+ Kd8 10. Nxa8 b6 11. Ba4 Bb7 12. Nxb6 axb6 13. Qb3 Nd4 14.
Qxb6+ Kc8 15. Kf1 Nc4 16. Qa7 Qc5 17. Bxd7+ Kxd7 18. Qxb7+ Qc7 19. Qxc7+
Kxc7 20. c3 Ne6 21. d3 Nd6 22. f3 Nf4 23. Bxf4 exf4 24. a4 g5 25. b4 Bg7 26.
d4 Nc4 27. Kf2 Re8 28. Re1 Ne3 29. a5 Kc6 30. g3 Kb5 31. gxf4 gxf4 32. Nh3
Bh6 33. Ng1 Rg8 34. Ke2 Rg2+ 35. Kd3 Bf8 36. Re2 Rg6 37. Nh3 Bd6 38. Rg1 Rh6
39. Ng5 Rh4 40. Nf7 Bf8 41. Ne5 Bd6 42. Rg8 Bxe5 43. dxe5 Rh6 44. Rg7 Ka4
45. Kd4 Rc6 46. Rxh7 Kb3 47. b5 Rc4+ 48. Kd3 Rxc3+ 49. Kd2 Rc2+ 50. Kd3 Rc3+
51. Kd2 Rc2+ 52. Kd3 Rc3+ 53. Kd2 {Game drawn by repetition} 1/2-1/2

[Event "GambitGuide"]
[Site "Internet Chess Club"]
[Date "2014.10.31"]
[Round "1"]
[White "JSBach"]
[Black "alita"]
[Result "0-1"]
[ICCResult "White checkmated"]
[WhiteElo "1613"]
[BlackElo "1636"]
[Opening "Vienna: `Frankenstein-Dracula' variation"]
[ECO "C27"]
[NIC "VG.02"]
[Time "05:30:18"]
[TimeControl "120+12"]

1. e4 e5 2. Nc3 Nf6 3. Bc4 Nxe4 4. Qh5 Nd6 5. Bb3 Nc6 6. Nb5 g6 7. Qf3 f5 8.
Qd5 Qe7 9. Nxc7+ Kd8 10. Nxa8 b6 11. Ba4 Bb7 12. Nxb6 axb6 13. Qb3 Kc7 14.
Ne2 Ne4 15. c4 Nc5 16. Qa3 Nxa4 17. Qxa4 Nd4 18. Nxd4 exd4+ 19. Kf1 Qe4 20.
f3 Qd3+ 21. Ke1 Bd6 22. Kf2 Re8 23. Rd1 Qe2+ 24. Kg1 Bc5 25. d3 Bxf3 26.
Bf4+ d6 27. gxf3 Rb8 28. Rf1 Qxd3 29. Rad1 Qe2 30. Rf2 Qe7 31. Rfd2 Qh4 32.
Bg3 Qg5 33. b4 f4 34. bxc5 dxc5 35. Qb5 fxg3 36. Rd3 gxh2+ 37. Kxh2 Qh4+ 38.
Kg2 Qg5+ 39. Kf1 Qf5 40. Kg1 Ra8 41. Rb3 Rb8 42. Rdd3 Qg5+ 43. Kf1 Qc1+ 44.
Kg2 Qg5+ 45. Kf2 Qh4+ 46. Kg2 Qg5+ 47. Kf2 Qh4+ 48. Kg2 Qg5+ 49. Kh2 Qf4+
50. Kg2 Qg5+ 51. Kf2 Qh4+ 52. Kg2 g5 53. Rb2 g4 54. f4 Qe7 55. Kg3 h5 56.
Qa6 Qe1+ 57. Kh2 Qh4+ 58. Kg2 Qf6 59. Rf2 Qf5 60. Rb3 Qe6 61. Rfb2 Qe4+ 62.
Kg3 h4+ 63. Kf2 g3+ 64. Kg1 Qe1+ 65. Kg2 Qe4+ 66. Kh3 Qf5+ 67. Kg2 h3+ 68.
Kxg3 Rg8+ 69. Kf3 Qg4+ 70. Kf2 Qxf4+ 71. Ke1 Rg1+ 72. Ke2 Qe4+ 73. Kd2 Qe1+
74. Kd3 Qe3+ 75. Kc2 Rg2+ 76. Kd1 Qg1# {White checkmated} 0-1

[Event "GambitGuide"]
[Site "Internet Chess Club"]
[Date "2014.10.31"]
[Round "1"]
[White "JSBach"]
[Black "BxlletproofICC"]
[Result "0-1"]
[ICCResult "White checkmated"]
[WhiteElo "1613"]
[BlackElo "1238"]
[Opening "Vienna: `Frankenstein-Dracula' variation"]
[ECO "C27"]
[NIC "VG.02"]
[Time "05:33:38"]
[TimeControl "120+12"]

1. e4 e5 2. Nc3 Nf6 3. Bc4 Nxe4 4. Qh5 Nd6 5. Bb3 Nc6 6. Nb5 g6 7. Qf3 f5 8.
Qd5 Qe7 9. Nxc7+ Kd8 10. Nxa8 b6 11. Ba4 Bb7 12. Nxb6 axb6 13. Qb3 Nc8 14.
Nf3 Bg7 15. d3 Re8 16. Bg5 Bf6 17. Bxf6 Qxf6 18. Qd5 Kc7 19. c3 e4 20. Nd2
exd3+ 21. Kf1 Ne5 22. Qb5 Nd6 23. Qb4 Qg5 24. Nf3 Nxf3 25. gxf3 Bxf3 26.
Qxd6+ Kxd6 27. Rg1 Qd2 28. Rxg6+ hxg6 29. h4 Re2 30. Rb1 Rxf2+ 31. Kg1 Rg2+
32. Kf1 Qe2# {White checkmated} 0-1

[Event "GambitGuide"]
[Site "Internet Chess Club"]
[Date "2014.10.31"]
[Round "1"]
[White "JSBach"]
[Black "alita"]
[Result "1-0"]
[ICCResult "Black resigns"]
[WhiteElo "1613"]
[BlackElo "1636"]
[Opening "Vienna: `Frankenstein-Dracula' variation"]
[ECO "C27"]
[NIC "VG.02"]
[Time "05:36:16"]
[TimeControl "120+12"]

1. e4 e5 2. Nc3 Nf6 3. Bc4 Nxe4 4. Qh5 Nd6 5. Bb3 Nc6 6. Nb5 g6 7. Qf3 f5 8.
Qd5 Qe7 9. Nxc7+ Kd8 10. Nxa8 b6 11. Ba4 Bb7 12. Nxb6 axb6 13. Qb3 Kc7 14.
Ne2 Ne4 15. Qb5 Qc5 16. O-O Bd6 17. d3 Nf6 18. Nc3 Nd4 19. Qxc5+ Bxc5 20.
Bd2 Nd5 21. Rfe1 Nxc3 22. bxc3 b5 23. cxd4 bxa4 24. dxc5 {Black resigns} 1-0

[Event "GambitGuide"]
[Site "Internet Chess Club"]
[Date "2014.10.31"]
[Round "1"]
[White "JSBach"]
[Black "alita"]
[Result "1-0"]
[ICCResult "Black checkmated"]
[WhiteElo "1613"]
[BlackElo "1636"]
[Opening "Vienna: `Frankenstein-Dracula' variation"]
[ECO "C27"]
[NIC "VG.02"]
[Time "05:37:27"]
[TimeControl "120+12"]

1. e4 e5 2. Nc3 Nf6 3. Bc4 Nxe4 4. Qh5 Nd6 5. Bb3 Nc6 6. Nb5 g6 7. Qf3 f5 8.
Qd5 Qe7 9. Nxc7+ Kd8 10. Nxa8 b6 11. Ba4 Bb7 12. Nxb6 axb6 13. Qb3 Kc7 14.
Ne2 Ne4 15. Qb5 Nd4 16. Nxd4 exd4 17. O-O Bc6 18. Qa6 Bxa4 19. Qa7+ Kc8 20.
Qxa4 Qe5 21. Qa6+ Kc7 22. Qa7+ Kc6 23. d3 Bd6 24. f4 Qc5 25. dxe4 fxe4 26.
Qa4+ Kb7 27. Qxd7+ Bc7 28. Re1 e3 29. c3 Rd8 30. Qxh7 Ka6 31. cxd4 Qxd4 32.
Qxc7 e2+ 33. Kh1 Qf2 34. Be3 Qxe1+ 35. Rxe1 Rd1 36. Qxb6# {Black checkmated}
1-0

[Event "GambitGuide"]
[Site "Internet Chess Club"]
[Date "2014.10.31"]
[Round "1"]
[White "JSBach"]
[Black "TrainingDay"]
[Result "1-0"]
[ICCResult "Black resigns"]
[WhiteElo "1613"]
[BlackElo "2559"]
[Opening "Vienna: `Frankenstein-Dracula' variation"]
[ECO "C27"]
[NIC "VG.02"]
[Time "05:39:12"]
[TimeControl "120+12"]

1. e4 e5 2. Nc3 Nf6 3. Bc4 Nxe4 4. Qh5 Nd6 5. Bb3 Nc6 6. Nb5 g6 7. Qf3 f5 8.
Qd5 Qe7 9. Nxc7+ Kd8 10. Nxa8 b6 11. Ba4 Bb7 12. Nxb6 axb6 13. Qb3 Nc8 14.
Rb1 e4 15. Qd5 Bg7 16. Ne2 h5 17. Nf4 Qg5 18. Ne6+ {Black resigns} 1-0